 Dungeon Crawl Stone Soup version 0.19-a0-1933-g052ff51 (webtiles) character file.

211 Jorund the Chopper (level 5, -2/38 HPs)
             Began as a Demonspawn Skald on Oct 26, 2016.
             Killed by nerve-wracking pain
             ... invoked by Grinder
              (12 damage)
             ... on level 3 of the Dungeon.
             The game lasted 00:04:18 (2177 turns).

Jorund the Chopper (Demonspawn Skald)               Turns: 2177, Time: 00:04:19

Health: -2/38      AC: 13    Str: 12    XL:     5   Next: 57%
Magic:  9/9        EV: 11    Int: 15    God:
Gold:   85         SH:  0    Dex: 12    Spells: 1 memorised, 8 levels left

rFire  . . .     SeeInvis .     o - +0 war axe
rCold  . . .     Gourm    .     b - +0 leather armour
rNeg   . . .     Faith    .     (no shield)
rPois  .         Spirit   .     l - +1 hat
rElec  .         Reflect  .     (no cloak)
rCorr  .         Harm     .     (no gloves)
MR     .....                    e - +2 pair of boots
Stlth  +.........               (no amulet)
                                (no ring)
                                (no ring)

@: sanguine armour
A: horns 1, sanguine armour 1
a: no special abilities


You were on level 3 of the Dungeon.
You were hungry.

You visited 1 branch of the dungeon, and saw 3 of its levels.

You collected 85 gold pieces.

Inventory:

Hand Weapons
 o - a +0 war axe (weapon)
 q - a +2 mace of holy wrath
Missiles
 r - 10 poisoned needles
Armour
 b - a +0 leather armour (worn)
 e - a +2 pair of boots (worn)
 l - a +1 hat (worn)
Wands
 p - a wand of lightning (13/15)
 t - a wand of hasting (0/9)
Scrolls
 g - a scroll of magic mapping
 n - 2 scrolls of enchant weapon
Potions
 h - a potion of resistance
 m - a potion of invisibility {unknown}
Books
 c - a book of Battle

   Spells                             Type                      Level
   a - Infusion                       Charms                       1
   b - Shroud of Golubria             Charms/Translocation         2
   c - Song of Slaying                Charms                       2
   d - Spectral Weapon                Hexes/Charms                 3
   e - Regeneration                   Charms/Necromancy            3
Comestibles
 d - 4 bread rations
 f - a meat ration
 u - a chunk of flesh


   Skills:
 - Level 2.0 Fighting
 + Level 4.1 Axes
 - Level 0.8 Armour
 - Level 0.8 Dodging
 + Level 2.9 Spellcasting
 + Level 3.7 Charms


You had 8 spell levels left.
You knew the following spells:

 Your Spells              Type           Power        Failure   Level  Hunger
a - Infusion              Chrm           ##..         8%          1    #......


Dungeon Overview and Level Annotations

Branches:
Dungeon (3/15)

Altars:

Annotations:
D:3 Grinder


Innate Abilities, Weirdness & Mutations

You have a pair of small horns on your head.
When seriously injured, your bleeding wounds create armour. (AC +6)


Message History

Grinder is almost dead.
Grinder gestures at you. You resist with significant effort.
Unknown command.
You are feeling hungry.
You hit Grinder. Your headbutt misses Grinder.
Grinder is almost dead.
Grinder says, "Tell me all your secrets, or I'll kill you."
Grinder blinks!
Grinder gestures at you. You resist with significant effort.
Found 11 gold pieces.
A bat comes into view.
Grinder blinks!
You slash the bat!
You kill the bat!
Grinder says, "Don't move a muscle."
Grinder gestures at you. Pain shoots through your body!
You die...

.# ##.# .# ..#
## #.# #.# .#
###.####.# #.#
. +........#
..# ...
###.####.# ..#
.....###.####.#
..#
..$...†.@5....#
..#
########.####.#
..# #.# ..# #.#
..# .?# ..# ###
..# ..# ..#


You could see Grinder.

Vanquished Creatures
  The ghost of Jorund the Charmwright, an amateur DsSk (D:3)
  Jessica (D:3)
  Natasha (D:3)
  3 adders
  2 worms (D:2)
  4 dart slugs
  A leopard gecko (D:1)
  4 bats
  2 giant cockroaches
  9 goblins
  A hobgoblin (D:1)
  4 jackals (D:1)
  2 kobolds (D:1)
  2 quokkas
  A ball python (D:1)
  3 frilled lizards
  4 rats
45 creatures vanquished.

Notes
Turn   | Place    | Note
-------+----------+-------------------------------------------
     0 | D:1      | Jorund the Demonspawn Skald began the quest for the Orb.
     0 | D:1      | Reached XP level 1. HP: 16/16 MP: 3/3
    81 | D:1      | Reached skill level 2 in Axes
   291 | D:1      | Gained mutation: When seriously injured, your bleeding wounds create armour. (AC +6) [demonic ancestry]
   291 | D:1      | Reached XP level 2. HP: 21/22 MP: 5/5
   965 | D:2      | Reached XP level 3. HP: 26/27 MP: 0/6
  1464 | D:2      | Gained mutation: You have a pair of small horns on your head. [demonic ancestry]
  1464 | D:2      | Reached XP level 4. HP: 14/33 MP: 7/7
  1859 | D:3      | Noticed Jorund's ghost (amateur DsSk)
  1870 | D:3      | Killed Jorund's ghost
  1870 | D:3      | Reached skill level 3 in Axes
  1870 | D:3      | Reached XP level 5. HP: 38/38 MP: 8/8
  2056 | D:3      | Noticed Jessica
  2061 | D:3      | Killed Jessica
  2061 | D:3      | Reached skill level 4 in Axes
  2126 | D:3      | Noticed Natasha
  2130 | D:3      | Killed Natasha
  2131 | D:3      | Noticed Grinder
  2164 | D:3      | Paralysed by Grinder for 7 turns
  2177 | D:3      | Killed from afar by Grinder

Vault maps used:
D:1:      minmay_arrival_stone_box, item_on_display_a
D:2:      first_bread, hex_tiny, minmay_misc_feat_iff
D:3:      uniq_natasha, uniq_grinder, uniq_jessica

Skill      XL: |  1  2  3  4  5 |
---------------+----------------+-----
Axes           | 2 3 4 |  4.1
Charms         | 3 |  3.7
Fighting       | |  2.0
Armour         | |  0.8
Dodging        | |  0.8
Spellcasting   | |  2.9

Action                   |  1- 3 |  4- 6 || total
-------------------------+-------+-------++-------
Melee: Hand axe          |   116 |    16 ||   132
       Headbutt          |       |     6 ||     6
       War axe           |       |    42 ||    42
 Cast: Infusion          |     6 |     3 ||     9
Evoke: Wand              |       |     1 ||     1
  Use: Scroll            |     8 |     2 ||    10
       Potion            |     1 |     5 ||     6
  Eat: Chunk             |     2 |     2 ||     4
Armor: Leather armour    |    53 |    15 ||    68
Dodge: Dodged            |    63 |    29 ||    92
